 Dungeon Crawl Stone Soup version 0.24-a0-537-g2d01d4ab0a (webtiles) character file.

Game seed: 14148850997535246237

5663 Enish the Blocker (level 11, -10/77 HPs)
             Began as a Formicid Chaos Knight on Aug 12, 2019.
             Was a High Priest of Okawaru.
             Mangled by Sonja
             ... wielding a +1 short sword of distortion
              (14 damage)
             ... on level 10 of the Dungeon.
             The game lasted 00:54:52 (3820 turns).

Enish the Blocker (Formicid Chaos Knight)           Turns: 3820, Time: 00:54:52

Health: -10/77     AC: 12    Str: 20    XL:     11   Next: 4%
Magic:  1/3        EV: 21    Int: 12    God:    Okawaru [*****.]
Gold:   123        SH: 21    Dex: 15    Spells: 7/10 levels left

rFire    + + .     SeeInvis +   G - +3 lajatang "Yhibadua" {antimagic, +Blink}
rCold    + . .     Gourm    .   u - +0 large shield
rNeg     . . .     Faith    +   z - +1 ring mail {rF+}
rPois    +         Spirit   .   (helmet unavailable)
rElec    .         Reflect  .   x - scarf {rC+ rF+}
rCorr    .         Harm     .   m - +2 pair of gloves
MR       +....                  (no boots)
Stlth    +++.......             l - amulet of faith
HPRegen  0.22/turn              o - ring of wizardry
MPRegen  0.08/turn              E - ring of wizardry

@: agile, heroism
A: permanent stasis, dig shafts and tunnels, four strong arms, antennae 3,
iridescent scales 1, blurry vision 2, deterioration 1, poison resistance
a: Dig, Shaft Self, Heroism, Finesse, Renounce Religion


You were on level 10 of the Dungeon.
You worshipped Okawaru.
Okawaru was extremely pleased with you.
You were very hungry.

You visited 3 branches of the dungeon, and saw 17 of its levels.
You also visited: Ossuary.

You collected 521 gold pieces.
You spent 398 gold pieces at shops.

Inventory:

Hand Weapons
 a - a +0 hand axe of chaos
 d - a +3 quarterstaff of chaos
 e - a +0 dagger of speed
 h - a +2 whip of flaming
 A - the +4 war axe of Radicalism {chop, rN+}
   (You bought it in a shop on level 6 of the Dungeon)

   It inflicts extra damage upon your enemies.
   It protects you from negative energy.
 G - the +3 lajatang "Yhibadua" (weapon) {antimagic, +Blink}
   (Okawaru gifted it to you on level 11 of the Dungeon)

   It reduces the magical energy of the wielder, and disrupts the spells and
   magical abilities of those hit.
   Natural abilities and divine invocations are not affected.
   It lets you blink.
Missiles
 w - 22 poisoned darts (quivered)
 y - 4 javelins
Armour
 b - a +2 leather armour
 m - a +2 pair of gloves (worn)
 u - a +0 large shield (worn)
 v - a +2 leather armour of cold resistance
 x - a scarf of resistance (worn)
 z - a +1 ring mail of fire resistance (worn)
Jewellery
 l - an amulet of faith (around neck)
 o - a ring of wizardry (left hand)
 E - a ring of wizardry (right hand)
Wands
 s - a wand of flame (22)
 F - a wand of disintegration (12)
Scrolls
 k - 3 scrolls of amnesia
 n - 5 scrolls of remove curse
 C - a scroll of fear
Potions
 f - a potion of lignification
 g - a potion of flight
 j - 2 potions of mutation
 p - a potion of degeneration
 r - 2 potions of ambrosia
 t - 2 potions of curing
 B - a potion of magic {unknown}
 D - a potion of brilliance {unknown}
Comestibles
 c - 6 rations


   Skills:
 - Level 4.1(9.1) Fighting
 - Level 3.2(8.5) Axes
 - Level 1.7(11.3) Maces & Flails
 - Level 8.9(14.0) Staves
 - Level 2.1(7.1) Armour
 - Level 3.2(8.2) Dodging
 + Level 12.7(17.7) Shields
 - Level 1.1 Conjurations
 - Level 1.0 Air Magic
 - Level 5.0 Poison Magic


You had 7 spell levels left.
You knew the following spells:

 Your Spells              Type           Power        Failure   Level  Hunger
a - Mephitic Cloud        Conj/Pois/Air  #.......     16%         3    ####...

Your spell library contained the following spells:

 Spells                   Type           Power        Failure   Level  Hunger
 Sting                    Conj/Pois      #...         4%          1    ##.....
 Poisonous Vapours        Pois/Air       #.....       6%          2    ###....
 Olgreb's Toxic Radiance  Pois           ##......     17%         4    #####..
 Venom Bolt               Conj/Pois      #.........   67%         5    ######.


Dungeon Overview and Level Annotations

Branches:
Dungeon (15/15)            Temple (1/1) D:4             Orc (1/2) D:9
   Lair: D:8-11      Vaults: D:13-14     Depths: D:15

Altars:
Ashenzari
Cheibriados
Dithmenos
Elyvilon
Hepliaklqana
Makhleb
Nemelex Xobeh
Okawaru
Trog
Uskayaw
Vehumet
Wu Jian
Yredelemnul
Zin
The Shining One

Shops:
D:6 *   D:13 *

Annotations:
D:10 Sonja


Innate Abilities, Weirdness & Mutations

You cannot be hasted, slowed, berserked, paralysed or teleported.
You can dig through walls and to a lower floor.
Your four strong arms can wield two-handed weapons with a shield.
You have a pair of large antennae on your head. (SInv)
You are partially covered in iridescent scales. (AC +2)
Scrolls take you longer to read.
Your body sometimes deteriorates upon taking damage.
Your system is resistant to poisons. (rPois)


Message History

* * * LOW HITPOINT WARNING * * *
Space warps horribly around you!
* * * LOW HITPOINT WARNING * * *
You feel much better. You block Sonja's attack.
Sonja hits you but does no damage. Space bends around you.
* * * LOW HITPOINT WARNING * * *
You block Sonja's attack.
You gain the combat prowess of a mighty hero.
You block Sonja's attack. x2; Sonja closely misses you.
You feel agile all of a sudden. You block Sonja's attack. x4
Sonja hits you with a +1 short sword of distortion.
* * * LOW HITPOINT WARNING * * *
Space warps horribly around you!
* * * LOW HITPOINT WARNING * * *
Sonja hits you with a +1 short sword of distortion.
* * * LOW HITPOINT WARNING * * *
Space warps horribly around you!
You die...
Xom laughs nastily!

### #.# #.. #.# #.#####
##.## ### #.#...###...###..
#.## #...P....._.....P
####†#######.#...###...###.
.............##### ##.##
..........#####..## #.#
..........# #K@(###.##
..........# #..#.....#
..........# #..###.P.#
..........# #..# #...#
....(.....# #..# ##.##
....).....# #..# #.#
..........# #..# #..
..........#####..######.
..............>....... .


You could see Sonja.

Vanquished Creatures
  An unseen horror (shapeshifter) (D:7)
  An ugly thing (D:13)
  A gargoyle (D:11)
  A polar bear (D:11)
  A troll (D:13)
  Prince Ribbit (D:6)
  A hippogriff (D:13)
  The ghost of Thantalas the Digger, an amateur GrEE (D:4)
  2 hungry ghosts (D:7)
  A warg (D:9)
  A water moccasin (D:11)
  2 orc warriors
  An ice beast (D:6)
  A black bear (D:7)
  A phantom (D:7)
  A necrophage (D:10)
  5 ogres
  4 centaurs (D:11)
  2 crocodiles (D:10)
  A gnoll sergeant (D:9)
  2 crimson imps
  A bullfrog zombie (Ossuary)
  3 centaur zombies
  2 hounds
  2 jellies
  Crazy Yiuf (D:3)
  An orc priest (D:8)
  An iguana (D:7)
  2 orc wizards
  7 worker ants
  2 killer bee zombies
  A centaur simulacrum (D:11)
  3 hound zombies
  15 mummies (Ossuary)
  A hound skeleton (D:8)
  2 worker ant zombies (Ossuary)
  Robin (D:2)
  8 adders
  3 gnolls (D:9)
  An ufetubus (D:11)
  2 oozes
  3 adder zombies (Ossuary)
  3 worms
  A dart slug (D:1)
  4 leopard geckos
  17 orcs
  8 bats
  6 giant cockroaches
  15 goblins
  8 hobgoblins
  2 jackals (D:8)
  4 quokkas
  2 frilled lizards
  6 kobolds
  A leopard gecko skeleton (D:7)
  A leopard gecko zombie (Ossuary)
  4 rats
  2 butterflies (D:6)
178 creatures vanquished.

Vanquished Creatures (others)
  A withered plant (Ossuary)
1 creature vanquished.

Grand Total: 179 creatures vanquished

Notes
Turn   | Place    | Note
-------+----------+-------------------------------------------
     0 | D:1      | Enish the Formicid Chaos Knight began the quest for the
                  | Orb.
     0 | D:1      | Reached XP level 1. HP: 18/18 MP: 1/1
    22 | D:1      | You fall into a shaft and drop 1 floor!
    36 | D:2      | Reached skill level 1 in Dodging
    84 | D:2      | XOM: potion effect (agility)
   101 | D:2      | XOM: potion effect (agility)
   102 | D:2      | Reached XP level 2. HP: 24/24 MP: 2/2
   199 | D:2      | Gained mutation: Scrolls take you a little longer to read.
                  | [potion of mutation]
   199 | D:2      | Gained mutation: You are agile. (Dex +2) [potion of
                  | mutation]
   199 | D:2      | Gained mutation: You are partially covered in iridescent
                  | scales. (AC +2) [potion of mutation]
   201 | D:2      | Reached XP level 3. HP: 21/29 MP: 3/3
   239 | D:2      | Noticed Robin
   261 | D:2      | Killed Robin
   280 | D:2      | Reached XP level 4. HP: 27/35 MP: 4/4
   532 | D:1      | Reached skill level 1 in Maces & Flails
   678 | D:1      | XOM: noise
   688 | D:1      | XOM: harmless Chrm miscast
   690 | D:1      | You fall into a shaft and drop 1 floor!
   732 | D:1      | XOM: mild Chrm miscast
   769 | D:1      | You fall into a shaft and drop 1 floor!
   772 | D:2      | You fall into a shaft and drop 1 floor!
   772 | D:3      | Found a runed translucent door.
   772 | D:3      | Noticed Crazy Yiuf
   783 | D:3      | Killed Crazy Yiuf
   783 | D:3      | Reached XP level 5. HP: 27/42 MP: 3/5
   856 | D:3      | You fall into a shaft and drop 2 floors!
   856 | D:5      | Entered Level 5 of the Dungeon
   878 | D:5      | Found a sand-covered staircase.
   878 | D:5      | Reached skill level 1 in Staves
   889 | Ossuary  | Entered an ossuary
   919 | Ossuary  | Reached XP level 6. HP: 33/48 MP: 6/6
  1100 | Ossuary  | XOM: cast spell 'Shadow Creatures'
  1125 | Ossuary  | XOM: divination: detect items
  1220 | Ossuary  | XOM: confuse monster(s)
  1233 | Ossuary  | Reached XP level 7. HP: 46/54 MP: 7/7
  1339 | Ossuary  | XOM: destruction
  1343 | Ossuary  | XOM: harmless Necr miscast
  1363 | Ossuary  | Reached skill level 5 in Staves
  1504 | D:5      | Found a snail-covered altar of Cheibriados.
  1579 | D:4      | Found a staircase to the Ecumenical Temple.
  1588 | Temple   | Entered the Ecumenical Temple
  1729 | Temple   | Fell from the grace of Xom
  1729 | Temple   | Became a worshipper of Warmaster Okawaru
  1864 | D:3      | Found a hide-covered altar of Uskayaw.
  1886 | D:3      | Found an ornate altar of the Wu Jian Council.
  1930 | D:4      | Found Zin's Purification Station.
  1932 | D:4      | Found a glowing silver altar of Zin.
  1937 | D:4      | Bought a potion of curing for 90 gold pieces
  1977 | D:3      | You fall into a shaft and drop 3 floors!
  1979 | D:6      | Found a radiant altar of Vehumet.
  1984 | D:6      | Reached XP level 8. HP: 59/60 MP: 8/8
  2026 | D:5      | XOM: severe Erth miscast
  2055 | D:4      | Found a bloodstained altar of Trog.
  2074 | D:4      | XOM: draining
  2187 | D:4      | Found a large runed translucent door.
  2188 | D:4      | Found a large runed translucent door.
  2188 | D:4      | Noticed Thantalas's ghost (amateur GrEE)
  2207 | D:4      | Killed Thantalas's ghost
  2207 | D:4      | Reached skill level 2 in Shields
  2225 | D:4      | XOM: give mutations
  2225 | D:4      | Gained mutation: Scrolls take you longer to read. [Xom's
                  | mischief]
  2225 | D:4      | Lost mutation: Scrolls take you longer to read. [Xom's
                  | mischief]
  2225 | D:4      | Lost mutation: You are agile. (Dex +2) [Xom's mischief]
  2225 | D:4      | Gained mutation: Scrolls take you longer to read. [Xom's
                  | mischief]
  2286 | D:4      | XOM: summons friendly shadow imp
  2318 | D:3      | You fall into a shaft and drop 2 floors!
  2321 | D:5      | You fall into a shaft and drop 3 floors!
  2327 | D:8      | Reached skill level 3 in Shields
  2366 | D:8      | Reached * piety under Okawaru
  2392 | D:8      | Reached skill level 4 in Shields
  2403 | D:8      | Reached skill level 5 in Shields
  2455 | D:7      | Reached skill level 6 in Shields
  2533 | D:7      | Reached skill level 7 in Shields
  2533 | D:7      | Reached XP level 9. HP: 24/65 MP: 9/9
  2680 | D:7      | Reached ** piety under Okawaru
  2691 | D:7      | Reached skill level 8 in Shields
  2738 | D:7      | Reached skill level 9 in Shields
  2744 | D:7      | Noticed an unseen horror
  2744 | D:7      | a shapeshifter changed into an unseen horror
  2753 | D:7      | Killed an unseen horror
  2753 | D:7      | Reached *** piety under Okawaru
  2753 | D:7      | Reached skill level 10 in Shields
  2797 | D:6      | Found Wyiniwn's Assorted Antiques.
  2807 | D:6      | Bought an iridescent war axe for 204 gold pieces
  2807 | D:6      | Bought a scroll labeled KEIRPH OSEDDAMM for 24 gold pieces
  2807 | D:6      | Bought a scroll labeled VUNTYIGOUPS for 24 gold pieces
  2807 | D:6      | Bought a ruby potion for 21 gold pieces
  2809 | D:6      | Identified the +4 war axe of Radicalism {chop, rN+} (You
                  | bought it in a shop on level 6 of the Dungeon)
  2829 | D:6      | Found a runed translucent door.
  2830 | D:6      | Found a runed translucent door.
  2974 | D:6      | Reached skill level 11 in Shields
  3015 | D:6      | Noticed Prince Ribbit
  3034 | D:6      | Killed Prince Ribbit
  3034 | D:6      | Reached **** piety under Okawaru
  3034 | D:6      | Reached XP level 10. HP: 60/71 MP: 10/10
  3098 | D:6      | You fall into a shaft and drop 2 floors!
  3144 | D:8      | Learned a level 3 spell: Mephitic Cloud
  3189 | D:9      | Reached skill level 1 in Poison Magic
  3227 | D:9      | Found a staircase to the Orcish Mines.
  3235 | Orc:1    | Entered Level 1 of the Orcish Mines
  3260 | D:9      | Reached skill level 12 in Shields
  3328 | D:9      | XOM: mild Necr miscast
  3330 | D:9      | You fall into a shaft and drop 2 floors!
  3330 | D:11     | Noticed a two-headed ogre
  3330 | D:11     | Noticed an unseen horror
  3334 | D:11     | You fall into a shaft and drop 2 floors!
  3376 | D:14     | Noticed a cyclops
  3393 | D:15     | Entered Level 15 of the Dungeon
  3431 | D:14     | Noticed a wizard
  3431 | D:14     | Noticed a deep elf archer
  3431 | D:14     | Noticed a centaur warrior
  3487 | D:13     | Noticed a brown ugly thing
  3501 | D:13     | Killed a purple ugly thing
  3501 | D:13     | Reached ***** piety under Okawaru
  3501 | D:13     | Reached skill level 1 in Conjurations
  3501 | D:13     | Reached skill level 1 in Air Magic
  3506 | D:13     | XOM: give mutations
  3506 | D:13     | Gained mutation: Your system is resistant to poisons.
                  | (rPois) [Xom's mischief]
  3506 | D:13     | Lost mutation: Scrolls take you longer to read. [Xom's
                  | mischief]
  3506 | D:13     | Gained mutation: Scrolls take you longer to read. [Xom's
                  | mischief]
  3506 | D:13     | Gained mutation: Your body sometimes deteriorates upon
                  | taking damage. [Xom's mischief]
  3542 | D:13     | Found Yceat's General Store.
  3564 | D:13     | Bought a scroll of fear for 35 gold pieces
  3573 | D:12     | Noticed a cyan ugly thing
  3573 | D:12     | Noticed a gargoyle
  3611 | D:11     | Reached skill level 5 in Poison Magic
  3639 | D:11     | Noticed a gargoyle
  3671 | D:11     | Killed a gargoyle
  3671 | D:11     | Received a gift from Okawaru
  3679 | D:11     | Got an ancient lajatang {god gift}
  3680 | D:11     | Identified the +3 lajatang "Yhibadua" {antimagic, +Blink}
                  | (Okawaru gifted it to you on level 11 of the Dungeon)
  3710 | D:10     | Entered Level 10 of the Dungeon
  3718 | D:10     | Reached XP level 11. HP: 53/77 MP: 3/11
  3724 | D:10     | XOM: confusion (+ monsters)
  3803 | D:10     | Found a white marble altar of Elyvilon.
  3816 | D:10     | Noticed Sonja
  3820 | D:10     | Mangled by Sonja

Levels and vault maps discovered:
D:1:      dpeg_arrival_houses_and_road, layout_basic, serial_park_tiny_pond
D:2:      layout_rooms, minmay_pentomino_q4, uniq_robin
D:3:      layout_basic, grunt_temple_overflow_open, uniq_crazy_yiuf_cottage
D:4:      layout_cave_pods, lemuel_crystal_altar, lemuel_crystal_altar,
          kiku_gazebo_pond_becter, bloody_trog, zin_purify,
          minmay_temple_entry_grid, ebering_ghost_disaster_area
D:5:      layout_rooms, old_standard_altar, first_ration, enter_ossuary_1,
          uniq_pikel
D:6:      lemuel_insect_pit, layout_loops_cross, vehumet_altar_wand_db,
          serial_shops, shop, uniq_prince_ribbit1
D:7:      layout_basic, serial_corexii_hall, chequers_hall_statues_y,
          corexii_hall_statues_i, grunt_ogre_cave, kennysheep_generic_room_6
D:8:      layout_loops_ring
D:9:      layout_roguey, nicolae_qazlal_eye_of_the_storm, lemuel_doored_altar,
          led_sif_book, fedhas_altar_1, david_orc_1_choice, serial_shops,
          kennysheep_mini, serial_curves, eino_curves_01, eino_curves_01,
          kb_lookout_dungeons_type, lemuel_centaur_altar, uniq_psyche
D:10:     layout_small_grid, dpeg_oklobed_lair, elyvilon_altar_1, uniq_maurice,
          uniq_gastronok, uniq_sonja
D:11:     layout_gridville, basic_altar, serial_ice, serial_ice_b, serial_ice_n,
          serial_ice_d, serial_ice_e, serial_ice_a
D:12:     layout_long_grid
D:13:     layout_basic, serial_shops, shop, kennysheep_mini_moat,
          nicolae_shop_stone, nicolae_shop_crystal
D:14:     minmay_the_grid_octo_tiled_squarecenter [minmay_the_grid_octo_empty,
          minmay_the_grid_octo_pinwheel, minmay_the_grid_octo_odd_swirl,
          minmay_the_grid_octo_tetromino_candy,
          minmay_the_grid_square_5x5_megaprize_open,
          minmay_the_grid_square_5x5_minivault,
          minmay_the_grid_square_5x5_spiral, minmay_the_grid_square_5x5_bridge,
          minmay_the_grid_square_5x5_inner_i], layout_basic, david_vaults_2,
          infiniplex_staircase_river, serial_shops, nicolae_shop_trees, shop,
          kennysheep_little_box, dk_noncrumbling_3
D:15:     grunt_enter_depths_giant_problem, layout_loops_ring,
          minmay_three_doors
Temple:   jpeg_temple_island
Orc:1:    layout_caves, special_room [special_room_kobold]

Skill      XL: |  1  2  3  4  5  6  7  8  9 10 |
---------------+-------------------------------+-----
Dodging        | 2 3 |  3.2
Maces & Flails | 1 |  1.7
Fighting       | 4 |  4.1
Staves         | 2 4 6 7 8 |  8.9
Shields        | 7 11 12 | 12.7
Poison Magic   | 5 |  5.0
Conjurations   | 1 |  1.1
Air Magic      | 1 |  1.0
Axes           | |  3.2
Armour         | |  2.1

Action                   |  1- 3 |  4- 6 |  7- 9 | 10-12 || total
-------------------------+-------+-------+-------+-------++-------
Melee: Hand axe          |    35 |    18 |       |       ||    53
       Dagger            |    43 |       |       |       ||    43
       Whip              |       |    60 |    73 |       ||   133
       Quarterstaff      |       |    64 |   267 |   172 ||   503
       Lajatang          |       |       |       |    41 ||    41
Invok: Heroism           |       |       |       |     6 ||     6
 Abil: Dig               |     1 |     7 |     8 |     8 ||    24
       Shaft Self        |       |     4 |     3 |     3 ||    10
Evoke: Wand              |       |       |     2 |     2 ||     4
  Use: Scroll            |     4 |     4 |    13 |     2 ||    23
       Potion            |     2 |     7 |     1 |     6 ||    16
 Stab: Sleeping          |       |     1 |       |       ||     1
       Paralysed         |       |       |     7 |     1 ||     8
       Petrifying        |       |       |     1 |     1 ||     2
       Invisible         |       |       |       |     2 ||     2
  Eat: Chunk             |       |     3 |     8 |     1 ||    12
       Ration            |       |     1 |     1 |     1 ||     3
Armor: Leather armour    |    21 |    28 |    61 |       ||   110
       Ring mail         |       |       |    18 |    46 ||    64
Dodge: Dodged            |    46 |    74 |   109 |    62 ||   291
Block: Large shield      |       |       |   137 |   207 ||   344

Table legend:
 A = Non-vault XP
 B = Vault XP
 C = Vault XP percentage of total XP
 D = Non-vault monster count
 E = Vault monster count
 F = Vault count percentage of total count
                 A         B        C        D         E       F
            +---------+---------+-------+---------+---------+-------
      Total |    6119 |    1972 |  24.4 |     118 |      58 |  33.0
            +---------+---------+-------+---------+---------+-------
        D:1 |      39 |       0 |   0.0 |      19 |       0 |   0.0
        D:2 |      43 |      38 |  46.9 |       9 |      14 |  60.9
        D:3 |      71 |      42 |  37.2 |      18 |       1 |   5.3
        D:4 |     100 |     218 |  68.6 |       6 |       1 |  14.3
        D:5 |     195 |       0 |   0.0 |       6 |       0 |   0.0
        D:6 |     432 |     404 |  48.3 |      10 |      10 |  50.0
        D:7 |    1497 |     137 |   8.4 |      10 |       1 |   9.1
        D:8 |     561 |       0 |   0.0 |      15 |       0 |   0.0
        D:9 |     292 |       6 |   2.0 |       5 |       2 |  28.6
       D:10 |     404 |       0 |   0.0 |       5 |       0 |   0.0
       D:11 |    1022 |     322 |  24.0 |       7 |       3 |  30.0
       D:13 |    1463 |     262 |  15.2 |       8 |       1 |  11.1
    Ossuary |       0 |     543 | 100.0 |       0 |      25 | 100.0
            +---------+---------+-------+---------+---------+-------
